 Seeded DCSS version 0.30-a0-534-gdc55766716 (webtiles) character file.

Game seed: 16346745797284664927 (custom seed)

4709 lotusamurai3 the Nimble (level 10, 0/63 (64) HPs)
             Began as a Tengu Monk on Dec 24, 2022.
             Was a Priest of Wu Jian.
             Slain by a wight
             ... wielding a +4 flail of freezing
              (1 damage)
             ... on level 8 of the Dungeon on Dec 25, 2022.
             The game lasted 00:11:20 (7136 turns).

lotusamurai3 the Nimble (Tengu Monk)                Turns: 7136, Time: 00:11:20

HP:   0/63 (64)     AC: 14    Str: 12    XL:     10   Next: 45%
MP:   11/11         EV: 14    Int: 17    God:    Wu Jian [***...]
Gold: 565           SH:  0    Dex: 32    Spells: 9/9 levels left

rFire   + + +      SeeInvis .    n - +8 autumn katana {manifold assault}
rCold   . . .      Faith    .    (no shield)
rNeg    . . .      Spirit   .    i - +1 chain mail
rPois   .          Reflect  .    (helmet restricted)
rElec   .          Harm     .    u - +0 cloak
rCorr   .          Rampage  .    p - +0 pair of gloves
Will    .....                    (boots unavailable) Stlth
                                 (no amulet)
HPRegen 0.30/turn                d - +6 ring of dexterity
MPRegen 0.12/turn                j - ring of Eternal Harmony {*Slow rF+++ Int+6 Dex+6}

@: flying quickly and evasively, studying Shields, lightly drained, quick
A: beak, talons 3, nimble flight
a: Renounce Religion, Wall Jump, Serpent's Lash


You were on level 8 of the Dungeon.
You worshipped Wu Jian.
Wu Jian was most pleased with you.
You visited 2 branches of the dungeon, and saw 9 of its levels.
You also visited: Sewer and Ossuary.

You collected 565 gold pieces.

Inventory:

Hand Weapons
 n - the +8 autumn katana (weapon) {manifold assault}
   (You found it on level 2 of the Dungeon)

   It sometimes launches melee attacks against multiple visible enemies.
Armour
 i - a +1 chain mail (worn)
 p - a +0 pair of gloves (worn)
 u - a +0 cloak (worn)
Jewellery
 d - a +6 ring of dexterity (left hand)
 j - the ring of Eternal Harmony (right hand) {*Slow rF+++ Int+6 Dex+6}
   (You found it on level 2 of the Dungeon)

   [ring of intelligence]

   Int:       It affects your intelligence (+6).
   Dex:       It affects your dexterity (+6).
   rF:        It renders you almost immune to fire.
   *Slow:     It may slow you when you take damage.
 x - a ring of willpower
Wands
 b - a wand of digging (14)
 q - a wand of mindburst (35)
 y - a wand of light (9)
 D - a wand of flame (25)
Scrolls
 m - 4 scrolls of enchant weapon
 o - 4 scrolls of teleportation
 s - 2 scrolls of brand weapon
 t - a scroll of acquirement {unknown}
 v - a scroll of fog {unknown}
 C - a scroll of blinking
Potions
 a - 5 potions of mutation
 c - a potion of ambrosia
 e - 6 potions of attraction
 f - 2 potions of lignification
 g - 3 potions of brilliance
 h - 4 potions of heal wounds {unknown}
 k - 4 potions of degeneration
 l - 2 potions of might {unknown}
 r - 3 potions of resistance {unknown}
 w - 3 potions of berserk rage {unknown}
 z - 2 potions of curing {unknown}
 A - a potion of invisibility {unknown}
 B - a potion of haste {unknown}


   Skills:
 + Level 8.2 Fighting
 + Level 8.8 Long Blades
 + Level 8.1 Armour
 + Level 9.0 Dodging
 - Level 2.0 Stealth


You had 9 spell levels left.
You didn't know any spells.
Your spell library contained the following spells:

 Spells                   Type           Power      Damage    Failure   Level
 Kiss of Death            Conj/Necr      0%         2d5       99%         1
 Confusing Touch          Hex            0%         N/A       100%        3
 Dispel Undead            Necr           0%         3d6       100%        4


Dungeon Overview and Level Annotations

Branches:
Dungeon (8/15)             Temple (1/1) D:6           Sewer (visited)
Ossuary (visited)
   Lair: D:8-11

Altars:
Cheibriados
Dithmenos
Elyvilon
Fedhas
Gozag
Hepliaklqana
Kikubaaqudgha
Nemelex Xobeh
Qazlal
Ru
Sif Muna
Trog
Uskayaw
Wu Jian
Xom
Zin
The Shining One

Annotations:
D:3 1 runed translucent door, Crazy Yiuf
D:7 2 transporters, bande's ghost, novice GrFi


Innate Abilities, Weirdness & Mutations

You have a beak for a mouth.
You have claws for feet.
Your magical nature lets you fly swiftly and evasively.


Message History

You peck the unseen horror zombie.
You destroy the unseen horror zombie!
The Council accepts your kill.
You can now briefly move at supernatural speeds.
You repeatedly attack the two-headed ogre from above.
You slash the two-headed ogre!
The two-headed ogre is severely wounded.
You slice the two-headed ogre!!
You kill the two-headed ogre!
The Council accepts your kill.
You repeatedly attack the two-headed ogre from above.
You hit the two-headed ogre.
You kill the two-headed ogre!
The Council accepts your kill. The wight hits you with a +0 hand axe.
* * * LOW HITPOINT WARNING * * *
Your Fighting skill increases to level 8!
Your Armour skill increases to level 8!
Your Dodging skill increases to level 9!
Unknown command.
You slice the wight!!
You slice through the folds of space itself!
You slash the wight!
You destroy the wight!
The Council accepts your kill.
Unknown command.
Things that are here:
a +0 short sword; a curare-tipped dart; a kobold corpse
Found a scroll of noise.
A wyvern zombie comes into view.
A wyvern zombie and a killer bee zombie come into view.
An unseen horror zombie comes into view.
You spin and attack the wight.
You barely miss the wight.
The wight is heavily damaged.
The wight hits you with a +4 flail of freezing!
* * * LOW HITPOINT WARNING * * *
You feel drained.
* * * LOW HITPOINT WARNING * * *
The wight freezes you.
You die...

.... .# ....... .# .♣♣
#.......####.##♣...
#.......##.....Z.♣
#............Z...♣..♣
#...................#
#............Z.....#
##.......z....?.....#
#........@Z...##...#
#.......########...##
#.......##....##....#
#..................#######
#.......).z........##....#
#......)).))..............
#.......##.).###...##....#
#.....†.####+# ######....#
#.......# .........


You could see a wight, 2 wyvern zombies, a killer bee zombie and an unseen
horror zombie.

Vanquished Creatures
  3 two-headed ogres
  An unseen horror zombie (D:8)
  A wraith (Ossuary)
  Duvessa (D:5)
  2 orc warriors (D:7)
  2 black bears
  2 ice beasts (D:7)
  2 ogres
  A phantom (D:4)
  3 kobold brigands
  3 bullfrogs
  2 gnoll sergeants
  2 scorpions
  A wight (D:8)
  Dowan (D:5)
  3 howler monkeys
  5 orc priests
  3 hounds
  Jessica (D:2)
  Ijyb (D:5)
  2 iguanas
  2 orc wizards
  A mummy (Ossuary)
  4 river rats (Sewer)
  12 adders
  6 gnolls
  A shadow imp (D:7)
  An ufetubus (D:6)
  6 worms
  2 dart slugs
  27 orcs
  11 ball pythons
  7 endoplasms
  12 giant cockroaches
  11 goblins
  10 hobgoblins
  8 jackals
  13 quokkas
  9 bats
  5 frilled lizards
  8 gnoll skeletons (Ossuary)
  18 kobolds
  8 kobold skeletons (Ossuary)
  9 orc skeletons (Ossuary)
  7 rats
240 creatures vanquished.

Vanquished Creatures (others)
  A fungus (D:1)
  2 plants (D:2)
  4 toadstools (D:1)
7 creatures vanquished.

Grand Total: 247 creatures vanquished

Notes
Turn   | Place    | Note
-------+----------+-------------------------------------------
     0 | D:1      | lotusamurai3 the Tengu Monk began the quest for the Orb.
     0 | D:1      | Reached XP level 1. HP: 14/14 MP: 2/2
   144 | D:1      | Reached XP level 2. HP: 19/19 MP: 3/3
   339 | D:1      | Found a faded altar of an unknown god.
   439 | D:1      | Reached skill level 1 in Armour
   576 | D:1      | Reached XP level 3. HP: 23/23 MP: 4/4
   991 | D:2      | Noticed Jessica
  1006 | D:2      | Killed Jessica
  1007 | D:2      | Reached skill level 4 in Dodging
  1007 | D:2      | Reached XP level 4. HP: 28/28 MP: 5/5
  1094 | D:2      | Identified the ring of Eternal Harmony {*Slow rF+++ Int+6
                  | Dex+6}
  1638 | D:2      | Found the +8 autumn katana {manifold assault}
  1771 | D:2      | Gained mutation: Your magical nature lets you fly swiftly
                  | and evasively. [Tengu growth]
  1771 | D:2      | Reached XP level 5. HP: 33/33 MP: 6/6
  2074 | D:3      | Found a sparkling altar of Nemelex Xobeh.
  2271 | D:3      | Found a runed translucent door.
  2272 | D:3      | Noticed Crazy Yiuf
  2651 | D:4      | Reached XP level 6. HP: 30/38 MP: 7/7
  2755 | D:4      | Found a sand-covered staircase.
  2780 | Ossuary  | Entered an ossuary
  2780 | Ossuary  | Noticed a wraith
  2780 | Ossuary  | Noticed a wraith
  2780 | Ossuary  | Noticed a wraith
  2848 | Ossuary  | Noticed a wraith
  2873 | Ossuary  | Killed a wraith
  2874 | Ossuary  | Reached skill level 5 in Dodging
  2874 | Ossuary  | Reached XP level 7. HP: 22/44 MP: 8/8
  3123 | D:4      | Found a glowing drain.
  3132 | Sewer    | Entered a sewer
  3456 | Sewer    | Reached skill level 5 in Long Blades
  3857 | D:4      | Reached skill level 5 in Fighting
  4237 | D:5      | Entered Level 5 of the Dungeon
  4269 | D:5      | Noticed Duvessa
  4275 | D:5      | Killed Duvessa
  4275 | D:5      | Noticed Dowan
  4276 | D:5      | Reached skill level 6 in Dodging
  4276 | D:5      | Reached XP level 8. HP: 48/50 MP: 9/9
  4281 | D:5      | Killed Dowan
  4342 | D:5      | Noticed Ijyb
  4347 | D:5      | Killed Ijyb
  4348 | D:5      | Reached skill level 5 in Armour
  4818 | D:6      | Found a staircase to the Ecumenical Temple.
  4926 | Temple   | Entered the Ecumenical Temple
  5018 | Temple   | Became a worshipper of the Wu Jian Council
  5018 | Temple   | Reached * piety under Wu Jian
  5018 | Temple   | Reached ** piety under Wu Jian
  5102 | D:6      | Found a blossoming altar of Fedhas.
  5340 | D:6      | Noticed a two-headed ogre
  5348 | D:6      | Killed a two-headed ogre
  5349 | D:6      | Reached skill level 7 in Dodging
  5349 | D:6      | Reached XP level 9. HP: 24/56 MP: 10/10
  6170 | D:7      | Found a transporter.
  6172 | D:7      | Noticed bande's ghost (novice GrFi)
  6232 | D:7      | Reached skill level 8 in Dodging
  6726 | D:7      | Found a transporter.
  7108 | D:8      | Reached XP level 10. HP: 63/63 MP: 11/11
  7109 | D:8      | Noticed a two-headed ogre
  7110 | D:8      | Noticed a two-headed ogre
  7124 | D:8      | Reached *** piety under Wu Jian
  7124 | D:8      | Killed a two-headed ogre
  7124 | D:8      | Killed a two-headed ogre
  7125 | D:8      | Reached skill level 9 in Dodging
  7136 | D:8      | HP: 1/63 [wight/+4 flail of freezing (3)]
  7136 | D:8      | Slain by a wight

Illustrated notes

Levels and vault maps discovered:
D:1:      heliophobic_arrival_glass_houses, layout_basic,
          shapermc_ecumenical_altar_mp_highgroup, minmay_gold_behind_fungi
D:2:      layout_basic, serial_forest, infiniplex_forest_clump_tiny,
          infiniplex_forest_zigzag_1, infiniplex_forest_lined_2,
          infiniplex_forest_straight_2, infiniplex_forest_straight_2,
          infiniplex_forest_diagonal, infiniplex_forest_end_1,
          infiniplex_forest_clump_medium, infiniplex_forest_clump_tiny,
          uniq_jessica
D:3:      layout_basic, mainiacjoe_overflow_alcove_4, uniq_crazy_yiuf_cottage
D:4:      layout_gridville, gup_sewer_entry_pipe,
          nicolae_ossuary_entry_false_entrances, minmay_manual_macuahuitl
D:5:      layout_cave_pools, uniq_ijyb, uniq_duvessa
D:6:      layout_loops_corners, fedhas_altar_fruit_tree,
          minmay_temple_entry_slanted, minmay_misc_feat_iff, uniq_pikel
D:7:      layout_basic, gammafunk_ghost_arena
D:8:      layout_gridville, nicolae_vehumet_altar_sigil,
          nicolae_yredelemnul_corpse_copse
Temple:   nicolae_temple_superstar

Skill      XL: |  1  2  3  4  5  6  7  8  9 10 |
---------------+-------------------------------+-----
Armour         | 1 2 3 4 6 7 8 |  8.1
Dodging        | 4 5 6 7 8 9 |  9.0
Long Blades    | 4 5 7 8 |  8.8
Fighting       | 4 5 6 7 8 |  8.2
Stealth        | |  2.0

Action                   |  1- 3 |  4- 6 |  7- 9 | 10-12 || total
-------------------------+-------+-------+-------+-------++-------
Melee: Falchion          |    61 |    54 |       |       ||   115
       Kick              |    15 |    19 |    51 |     4 ||    89
       Peck              |     8 |    13 |    34 |     4 ||    59
       Katana            |       |    60 |   228 |    16 ||   304
       Punch             |       |     2 |     2 |       ||     4
Invok: Lunge             |       |       |    18 |       ||    18
       Whirlwind         |       |       |     1 |     3 ||     4
 Abil: Wall Jump         |       |       |       |     1 ||     1
  Use: Potion            |     1 |       |       |       ||     1
       Scroll            |       |     8 |     6 |       ||    14
 Stab: Sleeping          |     3 |       |       |       ||     3
Armor: Robe              |     7 |       |       |       ||     7
       Chain mail        |    21 |    71 |    68 |     9 ||   169
Dodge: Dodged            |    28 |    33 |    80 |    13 ||   154

Table legend: (Time is in decaauts)
 A = Elapsed time spent in this place.
 B = Non-inter-level travel time spent in this place.
 C = Inter-level travel time spent in this place.
 D = Time resting spent in this place.
 E = Time spent auto-exploring this place.
 F = Levels seen in this place.
 G = Mean time per level.
                   A        B        C        D        E       F      G
               +--------+--------+--------+--------+--------+-----+--------+
         Total |   6733 |   6511 |    222 |    167 |   4965 |  11 |  612.1 |
       Dungeon |   5952 |   5730 |    222 |    167 |   4440 |   8 |  744.0 |
        Temple |     95 |     95 |      0 |      0 |     66 |   1 |   95.0 |
         Sewer |    456 |    456 |      0 |      0 |    313 |   1 |  456.0 |
       Ossuary |    229 |    229 |      0 |      0 |    145 |   1 |  229.0 |
               +--------+--------+--------+--------+--------+-----+--------+

Top non-repeatable levels by time:
     D:1: 1149 daAuts
     D:6: 998 daAuts
     D:7: 946 daAuts
     D:4: 900 daAuts
     D:2: 738 daAuts
     D:3: 605 daAuts
     D:5: 463 daAuts
   Sewer: 456 daAuts
 Ossuary: 229 daAuts
     D:8: 149 daAuts
  Temple: 95 daAuts
